Map: Pylon LE

Players

Fairespiter - Winner!

  • Race: Protoss Protoss
  • League: Master
  • Spawn Location: 11:00

IA (Muy fácil) 2

  • Race: Protoss Protoss
  • Spawn Location: 5:00

VOD

Have the link to the VOD?

Description

Time

  • Played on: July 7, 2025, 12:34 p.m.
  • Length: 7:55
Show
View Real Time Build Order
Export as new Build Order

Fairespiter Protoss - Winner!

Build Orders:  

Get SALT Encoding   

  12  0:00  Probe  
  13  0:12  Probe  
  14  0:17  Pylon  
  14  0:22  Probe  
  15  0:31  Probe  
  16  0:38  Gateway  
  16  0:39  Probe  
  16  0:46  Assimilator  
  17  0:51  Probe  
  17  0:54  Assimilator  
  18  0:59  Probe  
  19  1:08  Probe  
  19  1:09  Gateway  
  20  1:18  Probe  
  20  1:24  Cybernetics Core  
  21  1:30  Probe  
  22  1:35  Pylon  
  22  1:42  Probe  
  23  1:55  Probe  
  23  1:58  Stalker  
  23  2:00  Sentry  
  18  2:01  Warp Gate  
  28  2:15  Pylon  
  28  2:28  Nexus  
  28  2:36  Shield Battery  
  28  2:38  Sentry  
  28  2:40  Sentry  
  28  2:41  Probe  
  32  2:49  Probe  
  33  2:58  Probe, Stalker  
  37  3:10  Probe, Robotics Facility  
  38  3:16  Pylon  
  38  3:18  Probe  
  39  3:31  Probe  
  40  3:37  Probe  
  41  3:43  Probe  
  41  3:45  Probe  
  42  3:54  Stalker x2  
  42  3:55  Probe x2  
  48  3:58  Warp Prism  
  51  4:09  Probe x2  
  53  4:21  Probe x2  
  55  4:25  Assimilator  
  55  4:27  Immortal  
  55  4:28  Twilight Council  
  55  4:33  Probe x2  
  61  4:47  Pylon  
  61  4:48  Pylon  
  61  4:54  Pylon  
  61  4:56  Gateway  
  61  4:57  Immortal  
  61  4:58  Gateway  
  61  4:59  Blink  
  61  5:06  Gateway  
  65  5:11  Gateway  
  65  5:14  Gateway  
  65  5:28  Adept x2  
  69  5:38  Pylon  
  69  5:40  Pylon  
  69  5:41  Immortal  
  73  5:48  Pylon  
  73  6:04  Pylon, Stalker  
  73  6:06  Pylon  
  73  6:07  Stalker  
  73  6:10  Immortal  
  77  6:12  Stalker  
  77  6:16  Stalker  
  81  6:19  Stalker  
  87  6:29  Stalker x2  
  91  6:41  Stalker x2  
  91  6:42  Stalker  
  91  6:44  Stalker  
  99  6:50  Pylon, Stalker  
  101  7:03  Stalker x2  
  103  7:27  Stalker x6  
  115  7:32  Stalker  
  117  7:47  Pylon x2  
Show
View Real Time Build Order
Export as new Build Order

IA (Muy fácil) 2 Protoss 

Build Orders:  

Get SALT Encoding   

  12  0:00  Probe  
  13  0:13  Probe  
  14  0:20  Pylon  
  14  0:36  Assimilator  
  14  0:43  Gateway  
  14  0:45  Pylon  
  14  1:14  Assimilator  
  14  1:17  Probe  
  15  1:25  Probe  
  16  1:33  Cybernetics Core  
  16  1:34  Probe  
  17  1:44  Probe  
  18  1:56  Probe  
  18  1:59  Warp Gate  
  19  2:04  Probe  
  20  2:08  Stalker  
  22  5:29  Zealot  
  22  5:30  Pylon, Probe  
  22  5:33  Robotics Facility  
  25  5:41  Probe  
  26  5:49  Probe  
  23  5:57  Probe, Stalker  
  26  6:09  Probe  
  27  6:17  Probe  
  27  6:20  Observer  
  27  6:25  Probe  
  29  6:28  Pylon  
  30  6:35  Probe  
  30  6:38  Observer  
  30  6:47  Probe  
  30  6:52  Zealot  
  33  6:59  Probe  
  34  7:14  Pylon  
  27  7:20  Probe  
  27  7:21  Stalker  
  25  7:28  Probe  
  22  7:32  Pylon  
Tags
 
League
Master
Matchup
PvP
Spawn Locations
Cross Positions
Add a new tag
Caveats
  • Supply blocks, unpowered buildings, or Contaminate may cause inaccurate times.
  • Supply counts are checked every 10 seconds.